 Dungeon Crawl Stone Soup version 0.18-a0-750-g37044d6 (webtiles) character file.

3969 Ijustatesigmund the Covert (level 10, -5/60 HPs)
             Began as an Octopode Wizard on Dec 12, 2015.
             Was a Follower of Dithmenos.
             Slain by a centaur skeleton (6 damage)
             ... on level 11 of the Dungeon.
             The game lasted 00:44:12 (12710 turns).

Ijustatesigmund the Covert (Octopode Wizard)       Turns: 12710, Time: 00:44:12

Health: -5/60      AC:  3    Str: 10    XL:     10   Next: 22%
Magic:  7/19       EV: 12    Int: 23    God:    Dithmenos [*.....]
Gold:   53         SH:  0    Dex: 11    Spells: 7 memorised, 9 levels left

rFire  . . .     SeeInvis .     i - +1 short sword
rCold  . . .     Clarity  .     (no shield)
rNeg   . . .     SustAt   .     a - +2 hat
rPois  .         Gourm    .     (no amulet)
rElec  .         Spirit   .     q - +3 ring of strength
rCorr  .         Dismiss  .     p - ring of protection from magic
rMut   .         Stasis   .     (no ring)
MR     +....                    (no ring)
Stlth  ++++++....               (no ring)
                                (no ring)
                                (no ring)
                                (no ring)

@: sluggish, wreathed by umbra, studying Unarmed Combat, repel missiles, very
slow, somewhat resistant to hostile enchantments, very stealthy
A: almost no armour, amphibious, 8 rings, constrict 8, camouflage 1, gelatinous
body 1
a: Renounce Religion


You were on level 11 of the Dungeon.
You worshipped Dithmenos.
Dithmenos was aware of your devotion.
You were hungry.

You visited 2 branches of the dungeon, and saw 12 of its levels.

You collected 413 gold pieces.
You spent 360 gold pieces at shops.

Inventory:

Hand Weapons
 i - a +1 short sword (weapon)
Armour
 a - a +2 hat (worn)
Magical Staves
 t - an uncursed staff of poison
Jewellery
 p - a ring of protection from magic (right tentacle)
 q - a +3 ring of strength (left tentacle)
Wands
 r - a wand of magic darts (6)
 x - a wand of teleportation (3)
Scrolls
 d - a scroll of fog
 h - 2 scrolls of amnesia
 j - 2 scrolls of blinking
 k - 7 scrolls of identify
 s - 2 scrolls of vulnerability
 v - 2 scrolls of magic mapping
 y - a scroll of enchant armour
Potions
 e - 4 potions of curing
 f - a potion of ambrosia
 n - a potion of agility
 u - a potion of resistance
 z - a potion of cancellation {unknown}
Books
 b - a book of Minor Magic

   Spells                             Type                      Level
   a - Magic Dart                     Conjuration                  1
   b - Blink                          Translocation                2
   c - Call Imp                       Summoning                    2
   d - Repel Missiles                 Charms/Air                   2
   e - Slow                           Hexes                        2
   f - Conjure Flame                  Conjuration/Fire             3
   g - Mephitic Cloud                 Conjuration/Poison/Air       3
 g - a book of Air

   Spells                             Type                      Level
   a - Shock                          Conjuration/Air              1
   b - Swiftness                      Charms/Air                   2
   c - Repel Missiles                 Charms/Air                   2
   d - Static Discharge               Conjuration/Air              3
   e - Lightning Bolt                 Conjuration/Air              5
 m - a manual of Unarmed Combat
 o - a book of Party Tricks

   Spells                             Type                      Level
   a - Summon Butterflies             Summoning                    1
   b - Apportation                    Translocation                1
   c - Tukima's Dance                 Hexes                        3
   d - Alistair's Intoxication        Transmutation/Poison         4
   e - Invisibility                   Hexes                        6
 w - a book of Alchemy

   Spells                             Type                      Level
   a - Sublimation of Blood           Necromancy                   2
   b - Ignite Poison                  Fire/Transmutation/Poison    3
   c - Alistair's Intoxication        Transmutation/Poison         4
   d - Condensation Shield            Ice                          4
   e - Petrify                        Transmutation/Earth          4
   f - Irradiate                      Conjuration/Transmutation    5
 A - a book of Spatial Translocations

   Spells                             Type                      Level
   a - Apportation                    Translocation                1
   b - Blink                          Translocation                2
   c - Shroud of Golubria             Charms/Translocation         2
   d - Portal Projectile              Translocation                3
   e - Teleport Other                 Translocation                3
   f - Passage of Golubria            Translocation                4
Comestibles
 c - 2 bread rations
 l - 4 meat rations


   Skills:
 - Level 2.0 Fighting
 - Level 4.6 Short Blades
 - Level 3.0 Dodging
 - Level 8.4 Stealth
 + Level 6.1 Spellcasting
 + Level 7.2 Conjurations
 - Level 1.0 Summonings
 - Level 1.0 Translocations
 - Level 2.0 Air Magic
 - Level 3.4 Poison Magic
 - Level 7.0 Invocations


You had 9 spell levels left.
You knew the following spells:

 Your Spells              Type           Power        Failure   Level  Hunger
a - Magic Dart            Conj           ####         1%          1    None
b - Blink                 Tloc           N/A          10%         2    None
c - Repel Missiles        Chrm/Air       ##....       10%         2    None
d - Mephitic Cloud        Conj/Pois/Air  ####....     6%          3    #......
e - Swiftness             Chrm/Air       ##......     10%         2    None
f - Apportation           Tloc           ##........   6%          1    None
g - Summon Butterflies    Summ           ##......     6%          1    None


Dungeon Overview and Level Annotations

Branches:
Dungeon (11/15)            Temple (1/1) D:6
   Lair: D:8-11         Orc: D:9-12

Altars:
Ashenzari
Dithmenos
Fedhas
Gozag
Kikubaaqudgha
Makhleb
Nemelex Xobeh
Pakellas
Qazlal
Ru
Sif Muna
Trog
Vehumet
Xom
Zin
The Shining One

Shops:
D:8 *

Annotations:
D:10 Fannar, Maud


Innate Abilities, Weirdness & Mutations

You cannot wear most types of armour.
You are amphibious.
You can wear up to eight rings at the same time.
You can use your tentacles to constrict eight enemies at once.
Your skin changes colour to match your surroundings (Stealth).
Your rubbery body absorbs attacks (AC +1).


Message History

You see here a hardcover book.
A - a book of Spatial Translocations The giant frog skeleton hits you.
* * * LOW HITPOINT WARNING * * *
A centaur skeleton comes into view.
Found 19 stones and 20 gold pieces.
You are feeling hungry.
Found 17 gold pieces.
Found a meat ration.
A water moccasin skeleton comes into view.
You feel sluggish.
The giant frog skeleton barely misses you.
A four-headed hydra comes into view.
The giant frog skeleton hits you.
* * * LOW HITPOINT WARNING * * *
The water moccasin skeleton barely misses you.
The giant frog skeleton hits you.
* * * LOW HITPOINT WARNING * * *
The centaur skeleton hits you.
You die...

##.....###.#.###u# ###.
###......Z.#..$..#..u..
).............#..%(.#
§####.....###.#.###$#
.##...........#o....#
.##.#####........#%..Z.
§##. ##../###.#.###.#
o## ##....ZZ#Z....#. oo
##....@........ 8o
##.........D.. .o
############# ###


You could see a four-headed hydra (wandering), an orc, a water moccasin
skeleton, a giant frog skeleton and a centaur skeleton.

Vanquished Creatures
  A centaur skeleton (D:11)
  2 wyverns (D:8)
  2 hippogriffs
  Edmund (D:6)
  3 orc warriors (D:9)
  A black bear (D:7)
  A phantom (D:4)
  2 ogres
  A necrophage (D:9)
  2 ice beasts (D:8)
  7 centaurs
  3 giant frogs
  A water moccasin skeleton (D:8)
  5 wights (D:8)
  A jelly (D:8)
  3 crimson imps
  2 giant frog zombies
  5 orc priests
  5 iguanas
  2 giant frog skeletons
  4 hounds
  5 orc wizards
  5 worker ants
  2 hound skeletons (D:7)
  10 adders
  4 shadow imps
  An adder zombie (D:9)
  An ooze (D:4)
  2 adder skeletons
  4 worms
  6 giant geckos
  29 orcs
  4 bats
  4 giant cockroaches
  6 hobgoblins
  8 jackals
  3 quokkas
  A ball python skeleton (D:3)
  A giant gecko skeleton (D:8)
  A giant newt (D:7)
  6 goblins
  2 kobolds
  6 rats
165 creatures vanquished.

Notes
Turn   | Place    | Note
--------------------------------------------------------------
     0 | D:1      | Ijustatesigmund the Octopode Wizard began the quest for the Orb.
     0 | D:1      | Reached XP level 1. HP: 11/11 MP: 4/4
   356 | D:1      | Reached XP level 2. HP: 17/17 MP: 4/6
   360 | D:1      | Learned a level 2 spell: Blink
   363 | D:1      | Learned a level 2 spell: Repel Missiles
   702 | D:2      | Reached skill level 4 in Stealth
   702 | D:2      | Reached XP level 3. HP: 21/21 MP: 2/7
  1005 | D:2      | Found a shattered altar of Ashenzari.
  1299 | D:2      | Found an opulent altar of Gozag.
  1299 | D:2      | Found a glowing silver altar of Zin.
  1303 | D:2      | Reached XP level 4. HP: 27/27 MP: 8/8
  1308 | D:2      | Learned a level 3 spell: Mephitic Cloud
  1934 | D:2      | Reached skill level 5 in Stealth
  2235 | D:3      | Reached skill level 1 in Poison Magic
  2985 | D:4      | Noticed an ogre
  3005 | D:4      | Killed an ogre
  3005 | D:4      | Reached XP level 5. HP: 14/31 MP: 1/9
  3671 | D:4      | Noticed a phantom
  3703 | D:4      | Killed a phantom
  3703 | D:4      | Reached XP level 6. HP: 17/36 MP: 1/10
  4267 | D:4      | Learned a level 3 spell: Conjure Flame
  4368 | D:5      | Entered Level 5 of the Dungeon
  4628 | D:5      | Reached skill level 1 in Fighting
  4771 | D:5      | Reached XP level 7. HP: 24/44 MP: 6/11
  5296 | D:5      | Reached skill level 5 in Conjurations
  5761 | D:5      | Found an oddly glowing altar of Pakellas.
  6251 | D:6      | Found a staircase to the Ecumenical Temple.
  6268 | Temple   | Entered the Ecumenical Temple
  6300 | Temple   | Became a worshipper of Dithmenos the Shadowed
  6305 | Temple   | Learned a level 2 spell: Swiftness
  6360 | D:6      | Noticed Edmund
  6368 | D:6      | Found a blossoming altar of Fedhas.
  6372 | D:6      | Found a stormy altar of Qazlal.
  6940 | D:6      | Killed Edmund
  7288 | D:7      | Reached XP level 8. HP: 41/50 MP: 5/13
  7414 | D:7      | Reached skill level 1 in Invocations
  7645 | D:7      | Learned a level 1 spell: Apportation
  7647 | D:7      | Learned a level 1 spell: Summon Butterflies
  7666 | D:7      | Reached skill level 6 in Conjurations
  8526 | D:8      | Found a bloodstained altar of Trog.
  8526 | D:8      | Found a deep blue altar of Sif Muna.
  8555 | D:8      | Reached skill level 5 in Spellcasting
  8710 | D:7      | Reached XP level 9. HP: 44/54 MP: 10/16
  8896 | D:8      | Reached skill level 7 in Stealth
  9062 | D:8      | Found Hidduf's Assorted Antiques.
  9070 | D:8      | Bought a papyrus manual for 360 gold pieces
  9248 | D:8      | Reached skill level 8 in Stealth
 10046 | D:8      | Reached * piety under Dithmenos
 10183 | D:9      | Reached skill level 5 in Invocations
 10198 | D:9      | Found a burning altar of Makhleb.
 10413 | D:9      | Found a shimmering altar of Xom.
 11410 | D:9      | Found a sacrificial altar of Ru.
 11417 | D:9      | Reached XP level 10. HP: 60/60 MP: 9/18
 12141 | D:10     | Entered Level 10 of the Dungeon
 12146 | D:10     | Found an opulent altar of Gozag.
 12153 | D:10     | Noticed a hill giant
 12466 | D:10     | Noticed Fannar
 12542 | D:10     | Noticed Maud
 12697 | D:11     | Noticed a hill giant
 12700 | D:11     | Noticed a purple ugly thing
 12709 | D:11     | Noticed a four-headed hydra
 12710 | D:11     | HP: 1/60 [giant frog skeleton (4)]
 12710 | D:11     | Slain by a centaur skeleton

Vault maps used:
D:1:      scummos_arrival_forest
D:2:      grunt_temple_overflow_gold_and_silver, minivault_26,
          evilmike_ruin_ashenzari
D:5:      first_bread, johnstein_pakellas_death_squad
D:6:      grunt_temple_overflow_forces_of_nature, minmay_temple_entry_mist,
          uniq_edmund
D:8:      nicolae_overflow_hidden_temple, serial_shops, shop
D:9:      tgw_xom, lemuel_crystal_altar, basic_altar
D:10:     basic_altar, uniq_maud, uniq_fannar
D:11:     hangedman_cross_stitches, dpeg_lair_monsters, hiddenorc2_lemuel,
          hangedman_tree_tricks, nicolae_underground_beach
Temple:   jpeg_temple_clearing_9

Action                   |  1- 3 |  4- 6 |  7- 9 | 10-12 || total
-------------------------+-------+-------+-------+-------++-------
Melee: Unarmed           |     3 |       |       |       ||     3
       Short sword       |    20 |    44 |   135 |    52 ||   251
 Cast: Magic Dart        |    55 |   114 |   273 |    30 ||   472
       Repel Missiles    |     1 |       |     2 |       ||     3
       Mephitic Cloud    |       |     3 |    34 |    13 ||    50
       Blink             |       |     2 |    14 |     9 ||    25
       Swiftness         |       |       |     1 |     1 ||     2
  Use: Scroll            |     5 |     7 |     8 |     4 ||    24
       Potion            |       |     3 |     9 |     1 ||    13
 Stab: Sleeping          |     2 |     5 |     8 |     2 ||    17
       Invisible         |       |     4 |       |       ||     4
       Confused          |       |       |    10 |       ||    10
       Distracted        |       |       |       |     1 ||     1
  Eat: Chunk             |     1 |     8 |     5 |     1 ||    15
       Fruit             |       |     4 |       |       ||     4
       Bread ration      |       |       |     3 |       ||     3
       Royal jelly       |       |       |     1 |       ||     1
       Pizza             |       |       |     2 |     1 ||     3
